 Dungeon Crawl Stone Soup version 0.25-a0-504-g768f60da87 (webtiles) character file.

Game seed: 377556642116824086, levelgen mode: deterministic

35 Emblim88 the Sneak (level 3, -2/17 HPs)
             Began as a Spriggan Enchanter on Feb 14, 2020.
             Slain by a worm (7 damage)
             ... on level 2 of the Dungeon.
             The game lasted 00:02:44 (1535 turns).

Emblim88 the Sneak (Spriggan Enchanter)             Turns: 1535, Time: 00:02:45

Health: -2/17      AC:  2    Str:  4    XL:     3   Next: 16%
Magic:  8/8        EV: 19    Int: 16    God:
Gold:   19         SH:  0    Dex: 17    Spells: 6/7 levels left

rFire    + . .     SeeInvis +   a - +1 dagger
rCold    . . .     Gourm    .   (shield restricted)
rNeg     . . .     Faith    .   b - +0 robe
rPois    .         Spirit   .   (helmet restricted)
rElec    .         Reflect  .   e - scarf {repulsion}
rCorr    .         Harm     .   (gloves unavailable)
MR       .....                  (boots unavailable)
Stlth    +++.......             (no amulet)
HPRegen  0.05/turn              c - ring of protection from fire
MPRegen  0.11/turn              (no ring)

@: repel missiles, very quick
A: very small, unfitting armour, see invisible, herbivore, speed 3, slow
metabolism 2
a: no special abilities


You were on level 2 of the Dungeon.
You were not hungry.

You visited 1 branch of the dungeon, and saw 2 of its levels.

You collected 19 gold pieces.

Inventory:

Hand Weapons
 a - a +1 dagger (weapon)
Missiles
 f - an atropa-tipped dart (quivered)
Armour
 b - a +0 robe (worn)
 e - a scarf of repulsion (worn)
Jewellery
 c - a ring of protection from fire (left hand)
Scrolls
 i - a scroll of immolation {unknown}
Potions
 g - a potion of heal wounds {unknown}
 h - a potion of brilliance {unknown}
Comestibles
 d - 2 rations


   Skills:
 + Level 0.8 Fighting
 + Level 1.7 Short Blades
 + Level 0.9 Throwing
 * Level 4.1 Dodging
 - Level 4.4 Stealth
 - Level 2.6 Spellcasting
 - Level 3.6 Hexes


You had 6 spell levels left.
You knew the following spells:

 Your Spells              Type           Power        Failure   Level  Hunger
a - Corona                Hex            ##.....      4%          1    #......

Your spell library contained the following spells:

 Spells                   Type           Power        Failure   Level  Hunger
 Confusing Touch          Hex            ##......     13%         3    ###....
 Tukima's Dance           Hex            ##......     13%         3    ###....
 Ensorcelled Hibernation  Hex/Ice        #.....       14%         2    ##.....
 Dazzling Flash           Conj/Hex       #.....       28%         3    ###....


Dungeon Overview and Level Annotations

Branches:
Dungeon (2/15)

Altars:


Innate Abilities, Weirdness & Mutations

You are very small and have problems with some larger weapons.
You are too small for most types of armour.
You have supernaturally acute eyesight. (SInv)
You are a herbivore.
You cover ground extremely quickly.
You need to consume almost no food.


Message History

The worm misses you.
You hit the worm but do no damage.
The worm is lightly wounded.
The worm stops glowing.
You catch the helpless worm completely off-guard!
You puncture the worm!
The worm is almost dead.
The worm is no longer blind.
The worm bites you.
* * * LOW HITPOINT WARNING * * *
You hit the worm.
The worm is almost dead.
You hit the worm.
The worm is almost dead.
The worm completely misses you.
You barely miss the worm.
The worm is almost dead.
You hit the worm but do no damage.
The worm is almost dead.
The worm bites you!
You die...

#......###.##.# ##
######.###.#.#....
#........#
#####.###### #.#
#$. ##.## #># #...#
#.# #...###.## # #
#......@.#.#..$#
#...###.w......#
............#.##..#
..............#
#....<......)###
#####...####.#
#.... ..# #... ###
#.


You could see a worm.

Vanquished Creatures
  A dart slug (D:1)
  A leopard gecko (D:1)
  5 giant cockroaches (D:1)
  5 goblins (D:1)
  6 hobgoblins (D:1)
  3 bats (D:1)
  3 frilled lizards
  3 kobolds (D:1)
  3 rats (D:1)
30 creatures vanquished.

Notes
Turn   | Place    | Note
-------+----------+-------------------------------------------
     0 | D:1      | Emblim88 the Spriggan Enchanter began the quest for the
                  | Orb.
     0 | D:1      | Reached XP level 1. HP: 9/9 MP: 5/5
   330 | D:1      | Reached XP level 2. HP: 5/14 MP: 4/6
  1268 | D:1      | Reached XP level 3. HP: 17/17 MP: 8/8
  1535 | D:2      | Slain by a worm

Levels and vault maps discovered:
D:1:      sevenhm_arrival_forest_fort_small_3, layout_basic
D:2:      layout_loops_cross, elyvilon_altar_5

Skill      XL: |  1  2 |
---------------+-------+-----
Dodging        | 4 |  4.1
Fighting       | |  0.8
Short Blades   | |  1.7
Throwing       | |  0.9
Stealth        | |  4.4
Spellcasting   | |  2.6
Hexes          | |  3.6

Action                   || total
-------------------------++-------
Melee: Dagger            ||   139
Throw: Dart              ||     1
 Cast: Corona            ||    16
 Stab: Sleeping          ||     5
       Invisible         ||     1
Armor: Robe              ||     8
Dodge: Dodged            ||   121

Table legend:
 A = Non-vault XP
 B = Vault XP
 C = Vault XP percentage of total XP
 D = Non-vault monster count
 E = Vault monster count
 F = Vault count percentage of total count
                 A         B        C        D         E       F
            +---------+---------+-------+---------+---------+-------
      Total |      50 |       0 |   0.0 |      30 |       0 |   0.0
            +---------+---------+-------+---------+---------+-------
        D:1 |      49 |       0 |   0.0 |      29 |       0 |   0.0
        D:2 |       1 |       0 |   0.0 |       1 |       0 |   0.0
            +---------+---------+-------+---------+---------+-------
